 Dungeon Sprint DCSS version 0.29.1 (webtiles) character file.

Game seed: 6709765832472265794

2 rocky1 the Slasher (level 1, -5/18 HPs)
             Began as a Minotaur Gladiator on Sept 13, 2022.
             Slain by Jessica
             ... wielding a +0 club
              (7 damage)
             ... in the Dungeon (Sprint III: "The Ten Rune Challenge").
             The game lasted 00:00:17 (155 turns).

rocky1 the Slasher (Minotaur Gladiator)              Turns: 155, Time: 00:00:17

Health: -5/18      AC:  3    Str: 18    XL:     1   Next: 33%
Magic:  0/0        EV: 12    Int:  5    God:
Gold:   0          SH:  0    Dex: 11    Spells: 0/0 levels left

rFire   . . .      SeeInvis .   a - +0 long sword
rCold   . . .      Faith    .   (no shield)
rNeg    . . .      Spirit   .   b - +0 leather armour
rPois   .          Reflect  .   c - +0 hat
rElec   .          Harm     .   (no cloak)
rCorr   .          Rampage  .   (no gloves)
Will    .....      NoTele   +   (no boots)
Stlth   +.........              (no amulet)
HPRegen 0.06/turn               (no ring)
MPRegen 0.07/turn               (no ring)

@: no status effects
A: horns 2, retaliatory headbutt
a: no special abilities


You were in the Dungeon.
You visited 1 branch

Inventory:

Hand Weapons
 a - a +0 long sword (weapon)
Missiles
 d - 3 throwing nets (quivered)
 e - a javelin
Armour
 b - a +0 leather armour (worn)
 c - a +0 hat (worn)
Scrolls
 k - a scroll of blinking
 l - a scroll of summoning {unknown}
Potions
 f - a potion of curing
 g - a potion of heal wounds
 h - a potion of haste
 i - 2 potions of magic
 j - a potion of berserk rage


   Skills:
 + Level 2.8 Fighting
 * Level 4.2 Long Blades
 - Level 2.0 Throwing
 + Level 1.1 Armour
 + Level 3.5 Dodging


You couldn't memorise any spells.
You didn't know any spells.
Your spell library was empty.

Dungeon Overview and Level Annotations

Branches:
Dungeon (1/1)

Altars:

Annotations:
D Jessica


Innate Abilities, Weirdness & Mutations

You have a pair of horns on your head.
You reflexively headbutt those who attack you in melee.


Message History

The endoplasm quivers.
There is an open door here.
You barely miss the endoplasm. You headbutt the endoplasm.
The endoplasm is heavily wounded.
The endoplasm freezes you.
You are frozen.
You hit the endoplasm. You headbutt the endoplasm.
You kill the endoplasm!
The endoplasm freezes you.
You are frozen.
Your Long Blades skill increases to level 4!
You are too injured to fight recklessly!
You are too injured to fight recklessly!
You are too injured to fight recklessly!
You hit the endoplasm. You headbutt the endoplasm.
You kill the endoplasm!
Your Armour skill increases to level 1!
l - a scroll labelled FUDINAOMYQ You start resting.
You start resting.
You start resting.
HP restored.
You open the door.
Jessica the Apprentice Sorceress comes into view.
She is wielding a +0 club.
Jessica mumbles some strange words.
Jessica blinks!
Unknown command.
You closely miss Jessica. Jessica gestures at you while chanting.
Pain shoots through your body!
You hit Jessica but do no damage.
Jessica points at you and mumbles some strange words.
Pain shoots through your body!
Ouch! That really hurt!
* * * LOW HITPOINT WARNING * * *
Jessica hits you with a +0 club.
* * * LOW HITPOINT WARNING * * *
You hit Jessica but do no damage. Jessica hits you but does no damage.
You barely miss Jessica. Jessica hits you with a +0 club!
You die...

▓▓▓▓
▓<.#
▓..#
▓#'####
▓.....#
▓....@#
▓....@#
▓####'#
..#
...#
....#
+#####


You could see Jessica.

Vanquished Creatures
  2 endoplasms (D)
2 creatures vanquished.

Notes
Turn   | Place    | Note
-------+----------+-------------------------------------------
     0 | D        | rocky1 the Minotaur Gladiator began the quest for the Orb.
     0 | D        | Reached XP level 1. HP: 18/18 MP: 0/0
     6 | D        | Reached skill level 4 in Long Blades
     7 | D        | Reached skill level 1 in Armour
   151 | D        | Noticed Jessica
   155 | D        | Slain by Jessica

Illustrated notes

Levels and vault maps discovered:
D:        dungeon_sprint_mu [sprint_mu_entry_forest, sprint_mu_temple_rooms,
          sprint_mu_d1_horrors, sprint_mu_d2_genie, sprint_mu_d3_branching,
          sprint_mu_orc_legion, sprint_mu_elf_gauntlet, sprint_mu_hive_nellie,
          sprint_mu_lair_fedhas, sprint_mu_vaults_butterflies,
          sprint_mu_slime_circle, sprint_mu_swamp_cave, sprint_mu_shoals_archi,
          sprint_mu_blade_basic, sprint_mu_crypt_lich, sprint_mu_tomb_spiral,
          sprint_mu_vestibule_basic, sprint_mu_gehenna_hellfire,
          sprint_mu_dis_giant, sprint_mu_tartarus_statrot,
          sprint_mu_cocytus_islands, sprint_mu_zot1]

Skill      XL: |  1 |
---------------+----+-----
Long Blades    | 4 |  4.2
Armour         | 1 |  1.1
Fighting       | |  2.8
Throwing       | |  2.0
Dodging        | |  3.5

Action                   || total
-------------------------++-------
Melee: Long sword        ||     7
       Headbutt          ||     3
Armor: Leather armour    ||     1
